 Dungeon Crawl Stone Soup version 0.18-a0-1311-g779ca93 (webtiles) character file.

7742 Duffy the Geomancer (level 11, 0/64 HPs)
             Began as a Gargoyle Earth Elementalist on Feb 13, 2016.
             Was a High Priest of Cheibriados.
             Slain by a gnoll
             ... wielding a +1 spear of piercing
              (3 damage)
             ... on level 9 of the Dungeon.
             The game lasted 00:18:32 (12637 turns).

Duffy the Geomancer (Gargoyle Earth Elementalist)  Turns: 12637, Time: 00:18:32

Health: 0/64       AC: 12    Str: 24    XL:     11   Next: 20%
Magic:  14/24      EV: 13    Int: 31    God:    Cheibriados [*****.]
Gold:   433        SH:  0    Dex: 22    Spells: 6 memorised, 15 levels left

rFire  . . .     SeeInvis .     b - 324 stones
rCold  + . .     Gourm    .     a - +0 robe
rNeg   + . .     Faith    +     (no shield)
rPois  ∞         Spirit   .     (no helmet)
rElec  +         Dismiss  .     O - +0 cloak (curse)
rCorr  .         Reflect  .     y - +0 pair of gloves (curse)
SustAt .         Harm     .     (no boots)
MR     .....                    I - amulet of faith
Stlth  ++........               (no ring)
                                (no ring)

@: flying, glowing, very slow, not resistant to hostile enchantments, unstealthy
A: big wings, cold resistance 1, negative energy resistance 1, shaggy fur 1,
electricity resistance, unbreathing, petrification resistance, rot immunity, AC
+7
a: Stop Flying, Bend Time, Temporal Distortion, Slouch, Step From Time, Renounce
Religion


You were on level 9 of the Dungeon.
You worshipped Cheibriados.
Cheibriados was extremely pleased with you.
You were not hungry.

You visited 2 branches of the dungeon, and saw 10 of its levels.

You collected 433 gold pieces.


Innate Abilities, Weirdness & Mutations

You are resistant to torment.
Your stone body is resilient (AC +7).
You are immune to poison.
You resist negative energy.
You are resistant to electric shocks.
You can survive without breathing.
You are immune to petrification.
You are immune to rotting.
Your large and strong wings let you fly indefinitely.
Your flesh is cold resistant.
You are covered in fur (AC +1).


   Skills:
 - Level 5.5 Fighting
 - Level 2.2 Dodging
 - Level 4.8 Stealth
 - Level 9.5 Spellcasting
 - Level 5.0 Conjurations
 - Level 1.0 Transmutations
 - Level 10.2 Earth Magic
 + Level 8.0 Invocations


You had 15 spell levels left.
You knew the following spells:

 Your Spells              Type           Power        Failure   Level  Hunger
a - Sandblast             Erth           ######       1%          1    None
c - Stone Arrow           Conj/Erth      ######       1%          3    None
e - Apportation           Tloc           ##........   4%          1    None
l - Lee's Rapid Deconstr  Erth           ######....   1%          5    ###....
B - Blink                 Tloc           N/A          8%          2    None
P - Passwall              Trmt/Erth      #####.....   1%          2    None

Inventory:

Hand Weapons
 r - a +2 dagger of venom
 x - a +0 blowgun
 M - a +0 flail of venom
 R - a +0 blowgun
Missiles
 b - 324 stones (in hand)
 j - 114 poisoned needles
 S - 5 curare-tipped needles
Armour
 a - a +0 robe (worn)
 y - a cursed +0 pair of gloves (worn)
 F - a +3 leather armour
 O - a cursed +0 cloak (worn)
 U - a +0 pair of gloves
 X - a +0 cloak
Jewellery
 I - an amulet of faith (around neck)
Wands
 D - a wand of flame (24/48)
 P - a wand of polymorph (11/24)
Scrolls
 e - 6 scrolls of remove curse {unknown}
 h - 2 scrolls of enchant weapon {unknown}
 l - a scroll of identify
 n - 5 scrolls of amnesia {unknown}
 o - a scroll of noise
 t - a scroll of immolation {unknown}
 z - 3 scrolls of teleportation {unknown}
 E - a scroll of random uselessness
 G - a scroll of silence
 J - a scroll of recharging
 L - a scroll of enchant armour
 Q - 2 scrolls of blinking {unknown}
 T - 2 scrolls of fear {unknown}
 V - a scroll of holy word
 Y - a scroll of magic mapping
Potions
 f - 4 potions of flight {unknown}
 i - 4 potions of agility {unknown}
 k - 7 potions of curing {unknown}
 p - 3 potions of lignification {unknown}
 q - 3 potions of degeneration {unknown}
 s - 2 potions of brilliance {unknown}
 u - a potion of heal wounds
 v - a potion of resistance {unknown}
 w - a potion of cure mutation
 C - 3 potions of cancellation {unknown}
 N - a potion of magic
Books
 c - a book of Geomancy
 A - a book of the Warp
 B - a book of Spatial Translocations
 W - a book of Ice
Comestibles
 d - 4 bread rations
 g - 8 royal jellies
 m - 3 meat rations
 H - 5 fruits
 K - 2 beef jerkies
 Z - 2 chunks of flesh

Dungeon Overview and Level Annotations

Branches:
Dungeon (9/15)             Temple (1/1) D:7            Lair (0/8) D:8
    Orc: D:9-12

Altars:
Ashenzari
Cheibriados
Dithmenos
Elyvilon
Fedhas
Gozag
Kikubaaqudgha
Makhleb
Nemelex Xobeh
Okawaru
Pakellas
Qazlal
Ru
Sif Muna
Trog
Vehumet
Xom
Yredelemnul
Zin
The Shining One


Message History

The stone arrow misses the gnoll shaman.
The gnoll misses you. The gnoll shaman closely misses you.
The gnoll hits you but does no damage. The gnoll barely misses you.
The gnoll hits you from afar with a spear of piercing.
The gnoll closely misses you.
Wield which item (- for none, * to show all)? (? for menu, Esc to quit)
Your +2 dagger of venom stops dripping with poison.
b - 326 stones (in hand)
The gnoll hits you but does no damage. x2; The gnoll hits you.
The gnoll hits you but does no damage.
The gnoll shaman hits you but does no damage.
The gnoll hits you but does no damage.
Cast which spell? (? or * to list)
Aiming: Sandblast
Press: ? - help, Shift-Dir - straight line, f/p - gnoll shaman
Aim: a gnoll shaman, wielding a club and wearing a robe (severely wounded, poisoned)
The rocky blast misses the gnoll shaman.
The gnoll hits you from afar with a spear.
The gnoll completely misses you. The gnoll misses you.
The gnoll hits you with a whip. The gnoll hits you but does no damage.
The gnoll barely misses you.
The gnoll hits you from afar with a spear of piercing.
The gnoll shaman misses you.
Cast which spell? (? or * to list)
Aiming: Sandblast
Press: ? - help, Shift-Dir - straight line, f/p - gnoll shaman
Aim: a gnoll shaman, wielding a club and wearing a robe (severely wounded, poisoned)
The rocky blast hits the gnoll shaman.
You kill the gnoll shaman!
Cheibriados thoroughly appreciates the change of pace.
Your Invocations skill increases to level 8!
The gnoll hits you but does no damage. The gnoll closely misses you.
The gnoll hits you but does no damage. The gnoll barely misses you.
The gnoll hits you from afar with a spear of piercing.
You die...

##... .. ###...#####.
#........##.## #.#...##.##.#.
##########.##.###.##...
........................
###....##.........#.#.#..#..>
.......#.g#gg...........#.#.
.........g)@g......#.#..#...
........g#####.....##..#.#.
#....#.#.# ####.###......
#... #.#.# #........#.
##.###.#.# #.###..##..
#######...##.#.# #.# #..###.
........<.>#.#.#
######.###..# #.
####.........%###...........#
#.
###.........))...<####.###..#
#.


You could see 6 gnolls.

Action                   |  1- 3 |  4- 6 |  7- 9 | 10-12 || total
-------------------------+-------+-------+-------+-------++-------
Melee: Dagger            |       |   147 |   183 |   152 ||   482
       Unarmed           |       |       |     2 |       ||     2
 Cast: Sandblast         |    88 |    46 |    76 |    80 ||   290
       Stone Arrow       |       |     2 |    33 |    53 ||    88
 Abil: Fly               |       |       |       |     1 ||     1
  Use: Scroll            |       |       |       |    11 ||    11
       Potion            |       |       |       |     3 ||     3
 Stab: Sleeping          |       |     1 |     6 |     1 ||     8
       Distracted        |       |       |     1 |       ||     1
  Eat: Chunk             |     5 |    11 |    16 |     4 ||    36

Notes
Turn   | Place    | Note
--------------------------------------------------------------
     0 | D:1      | Duffy the Gargoyle Earth Elementalist began the quest for the Orb.
     0 | D:1      | Reached XP level 1. HP: 10/10 MP: 3/3
   120 | D:1      | Reached skill level 4 in Earth Magic
   240 | D:1      | Reached XP level 2. HP: 15/15 MP: 0/5
  1020 | D:1      | Reached skill level 5 in Earth Magic
  1020 | D:1      | Reached XP level 3. HP: 19/19 MP: 4/6
  1460 | D:2      | Learned a level 3 spell: Stone Arrow
  2056 | D:2      | Reached skill level 1 in Conjurations
  2212 | D:2      | Reached XP level 4. HP: 16/24 MP: 0/7
  3181 | D:3      | Reached skill level 2 in Conjurations
  3287 | D:3      | Reached skill level 6 in Earth Magic
  3308 | D:3      | Reached XP level 5. HP: 21/28 MP: 8/8
  3475 | D:3      | Found a bloodstained altar of Trog.
  4113 | D:4      | Reached skill level 3 in Conjurations
  4707 | D:4      | Reached XP level 6. HP: 25/32 MP: 9/9
  4829 | D:4      | Reached skill level 4 in Conjurations
  4829 | D:4      | Reached skill level 7 in Earth Magic
  5029 | D:5      | Entered Level 5 of the Dungeon
  5249 | D:5      | Noticed a wyvern
  5257 | D:5      | Killed a wyvern
  5257 | D:5      | Reached skill level 5 in Conjurations
  5257 | D:5      | Reached XP level 7. HP: 27/36 MP: 3/10
  5868 | D:6      | Reached skill level 8 in Earth Magic
  5943 | D:6      | Reached skill level 3 in Spellcasting
  6210 | D:6      | Reached XP level 8. HP: 41/41 MP: 5/13
  6538 | D:6      | Reached skill level 4 in Spellcasting
  6656 | D:6      | Reached skill level 9 in Earth Magic
  7255 | D:6      | Noticed Edmund
  7267 | D:6      | Killed Edmund
  7406 | D:6      | Reached skill level 5 in Spellcasting
  7418 | D:6      | Noticed Sigmund
  7423 | D:6      | Killed Sigmund
  7423 | D:6      | Reached skill level 10 in Earth Magic
  7828 | D:6      | Reached XP level 9. HP: 37/45 MP: 17/17
  7959 | D:7      | Reached skill level 6 in Spellcasting
  7966 | D:7      | Found a basalt altar of Yredelemnul.
  7966 | D:7      | Found a shattered altar of Ashenzari.
  7969 | D:7      | Found an ancient bone altar of Kikubaaqudgha.
  8077 | D:7      | Found a staircase to the Ecumenical Temple.
  8083 | Temple   | Entered the Ecumenical Temple
  8259 | D:7      | Found a shimmering altar of Xom.
  8259 | D:7      | Found a glowing golden altar of the Shining One.
  8259 | D:7      | Found a stormy altar of Qazlal.
  8259 | D:7      | Found a deep blue altar of Sif Muna.
  8260 | D:7      | Found an oddly glowing altar of Pakellas.
  8261 | D:7      | Found a sacrificial altar of Ru.
  8262 | D:7      | Found a snail-covered altar of Cheibriados.
  8263 | D:7      | Found a glowing silver altar of Zin.
  8264 | D:7      | Found a bloodstained altar of Trog.
  8267 | D:7      | Became a worshipper of Cheibriados the Contemplative
  8380 | D:7      | Reached skill level 7 in Spellcasting
  8535 | D:7      | Reached skill level 2 in Fighting
  8610 | D:7      | Reached skill level 3 in Fighting
  8791 | D:7      | Noticed a manticore
  8799 | D:7      | Killed a manticore
  8799 | D:7      | Reached skill level 5 in Fighting
  9253 | D:7      | Reached * piety under Cheibriados
  9402 | D:7      | Reached skill level 2 in Dodging
  9402 | D:7      | Reached skill level 3 in Stealth
  9578 | D:7      | Reached skill level 4 in Stealth
 10018 | D:8      | Reached XP level 10. HP: 48/59 MP: 20/20
 10104 | D:8      | Learned a level 2 spell: Passwall
 10110 | D:8      | Learned a level 5 spell: Lee's Rapid Deconstruction
 10253 | D:8      | Reached ** piety under Cheibriados
 10371 | D:8      | Reached skill level 8 in Spellcasting
 10376 | D:8      | Reached skill level 1 in Transmutations
 10522 | D:8      | Reached *** piety under Cheibriados
 10614 | D:8      | Reached skill level 9 in Spellcasting
 10982 | D:8      | Found a staircase to the Lair.
 11013 | D:8      | Reached skill level 1 in Invocations
 11015 | D:8      | Reached **** piety under Cheibriados
 11020 | D:8      | Reached skill level 2 in Invocations
 11118 | D:8      | Reached skill level 3 in Invocations
 11271 | D:8      | Learned a level 1 spell: Apportation
 11274 | D:8      | Learned a level 2 spell: Blink
 11284 | D:8      | Gained mutation: You are covered in fur (AC +1). [potion of beneficial mutation]
 11285 | D:8      | Gained mutation: Your flesh is cold resistant. [potion of beneficial mutation]
 11286 | D:8      | Gained mutation: Your large and strong wings let you fly indefinitely. [potion of beneficial mutation]
 11411 | D:9      | Reached skill level 4 in Invocations
 11565 | D:9      | Reached skill level 5 in Invocations
 11683 | D:9      | Reached XP level 11. HP: 64/64 MP: 11/24
 11777 | D:9      | Reached ***** piety under Cheibriados
 11777 | D:9      | Reached skill level 6 in Invocations
 12150 | D:9      | Reached skill level 7 in Invocations
 12637 | D:9      | Reached skill level 8 in Invocations
 12637 | D:9      | Slain by a gnoll

Vault maps used:
D:1:      minmay_arrival_split_and_join
D:3:      kennysheep_the_goblin_king, first_bread, columned_hall_lemuel,
          trog_book
D:4:      minmay_splitting_lines
D:5:      nrook_pool_corridor, minmay_misc_feat_rows
D:6:      uniq_edmund, uniq_sigmund
D:7:      minitemple, temple_fountains
D:8:      erik_lair_orcish_takeover, david_nohive_1
Temple:   jpeg_temple_alley_garden_8

Vanquished Creatures
  A manticore
  A queen bee Sigmund
  3 wyverns
  2 hungry ghosts
  3 yaks
  A hippogriff
  3 wargs Edmund
  3 orc warriors
  A water moccasin
  3 ice beasts
  2 black bears
  2 sky beasts
  2 phantoms
  4 ogres
  3 centaurs
  3 big kobolds
  6 giant frogs
  A wyvern zombie
  A scorpion
  22 killer bees
  3 wights
  3 crimson imps
  2 jellies
  2 centaur zombies
  A giant frog zombie
  5 hounds
  A giant frog skeleton
  2 orc priests
  A centaur skeleton
  2 gnoll shamans
  3 iguanas
  13 orc wizards
  5 worker ants
  A killer bee zombie
  A hound skeleton
  2 worker ant zombies
  3 gnolls
  13 adders
  3 oozes
  An adder skeleton
  4 worms
  4 giant geckos
  26 orcs
  A ball python
  6 giant cockroaches
  15 goblins
  5 hobgoblins
  11 jackals
  8 quokkas
  6 bats
  A giant gecko zombie
  6 giant newts
  A jackal skeleton
  22 kobolds
  12 rats
264 creatures vanquished.
